Map: Ewiges Imperium LE

Players

Ethereal

  • Race: Protoss Protoss
  • League: Diamond
  • Spawn Location: 1:00

ImInPainHelp - Winner!

  • Race: Zerg Zerg
  • League: Diamond
  • Spawn Location: 7:00

VOD

Have the link to the VOD?

Description

Time

  • Played on: July 4, 2020, 7:25 a.m.
  • Length: 19:31
Show
View Real Time Build Order
Export as new Build Order

Ethereal Protoss 

Build Orders: 1 Gate Expand, Archon Immortal, Dark Templar Rush 

Get SALT Encoding   

  12  0:02  Probe  
  13  0:14  Probe  
  14  0:21  Pylon  
  14  0:26  Probe  
  15  0:36  Probe  
  16  0:43  Gateway  
  16  0:44  Probe  
  17  0:51  Assimilator  
  17  0:55  Probe  
  17  1:03  Probe  
  19  1:14  Probe  
  20  1:29  Nexus  
  20  1:31  Probe  
  21  1:43  Cybernetics Core  
  21  1:46  Probe  
  22  1:52  Pylon  
  22  1:59  Assimilator  
  22  2:00  Probe  
  23  2:11  Adept  
  23  2:12  Probe  
  26  2:24  Probe  
  26  2:25  Twilight Council  
  26  2:27  Warp Gate  
  27  2:38  Adept, Gateway  
  27  2:41  Probe  
  30  2:52  Probe  
  31  3:01  Resonating Glaives  
  31  3:05  Probe x2  
  33  3:14  Adept  
  33  3:17  Probe x2  
  37  3:29  Probe  
  37  3:30  Gateway  
  37  3:32  Robotics Facility  
  38  3:35  Probe  
  38  3:38  Adept  
  41  3:41  Probe  
  42  3:49  Pylon  
  42  3:50  Probe  
  42  3:53  Dark Shrine  
  43  4:01  Probe  
  43  4:02  Probe  
  44  4:03  Assimilator  
  44  4:07  Assimilator  
  44  4:09  Warp Prism  
  45  4:23  Pylon  
  47  4:26  Adept x2, Pylon  
  47  4:30  Adept  
  53  4:54  Probe  
  53  4:58  Probe  
  54  5:00  Adept  
  54  5:02  Adept  
  58  5:09  Probe  
  58  5:11  Probe  
  50  5:23  Probe  
  50  5:27  Dark Templar x2  
  50  5:28  Dark Templar  
  53  5:30  Immortal  
  53  5:33  Probe  
  58  5:43  Nexus  
  58  5:45  Pylon  
  58  5:46  Probe  
  59  5:57  Gateway  
  59  5:58  Gateway  
  57  6:04  Probe  
  57  6:05  Immortal  
  57  6:06  Adept x3  
  64  6:16  Charge  
  66  6:21  Pylon  
  66  6:30  Archon  
  63  6:36  Pylon  
  63  6:38  Probe, Pylon  
  58  6:47  Stalker x3  
  64  6:58  Pylon  
  64  7:05  Probe  
  65  7:10  Pylon  
  65  7:22  Immortal, Stalker x2  
  65  7:35  Probe x2  
  69  7:40  Stalker  
  69  7:43  Pylon  
  71  7:47  Robotics Facility, Probe  
  71  7:48  Forge, Nexus  
  71  7:49  Probe  
  73  7:51  Dark Templar  
  73  7:52  Dark Templar  
  77  7:59  Pylon, Probe, Archon  
  78  8:07  Gateway, Protoss Ground Weapons Level 1  
  78  8:08  Probe  
  78  8:12  Probe  
  80  8:17  Stalker x2  
  84  8:20  Probe  
  85  8:29  Probe  
  85  8:31  Probe  
  87  8:35  Gateway, Immortal  
  87  8:37  Probe  
  87  8:40  Probe  
  88  8:45  Probe  
  94  8:56  Probe  
  94  9:01  Zealot x4  
  103  9:05  Probe  
  103  9:06  Templar Archives  
  104  9:10  Assimilator  
  104  9:14  Assimilator  
  104  9:18  Pylon  
  104  9:19  Zealot  
  104  9:21  Zealot x2  
  110  9:29  Immortal  
  114  9:35  Probe  
  115  9:40  Probe  
  116  9:46  Zealot x2  
  116  9:47  Psionic Storm, Zealot  
  122  9:58  Probe  
  123  10:01  Probe  
  123  10:03  Probe  
  123  10:08  Pylon  
  123  10:09  Gateway  
  123  10:10  Gateway  
  109  10:14  Pylon, Blink  
  109  10:17  Immortal  
  109  10:19  Pylon x2  
  109  10:21  Nexus  
  113  10:33  Pylon, High Templar x5  
  113  10:34  High Templar  
  125  10:35  Protoss Ground Weapons Level 2  
  125  10:41  Gateway, Archon  
  125  10:42  Archon x2  
  124  10:50  Probe  
  124  10:52  Gateway  
  124  10:55  Gateway  
  125  10:59  Warp Prism  
  125  11:00  Pylon  
  125  11:06  High Templar x3  
  125  11:07  High Templar  
  125  11:08  Gateway  
  135  11:12  Zealot x4  
  143  11:27  Nexus  
  143  11:28  Probe  
  143  11:31  Pylon, Immortal  
  148  11:34  Probe  
  148  11:35  Probe  
  144  11:40  Probe, Zealot x3  
  144  11:46  Probe  
  132  11:52  Zealot x2  
  112  11:55  Probe  
  112  11:56  Probe  
  112  11:59  Probe  
  103  12:07  Probe  
  103  12:08  Probe  
  101  12:12  Probe  
  99  12:19  Probe  
  99  12:23  Probe  
  99  12:26  High Templar x4  
  99  12:29  Warp Prism  
  107  12:31  Archon  
  107  12:34  Probe x2  
  111  12:49  High Templar  
  111  12:50  High Templar  
  115  12:51  Zealot x3  
  121  13:00  Probe  
  121  13:03  Probe  
  121  13:04  Protoss Ground Weapons Level 3  
  123  13:08  Probe x2  
  123  13:09  Probe  
  123  13:11  Probe  
  126  13:16  Probe x2  
  127  13:22  Zealot x3  
  127  13:25  Probe  
  135  13:30  Probe  
  135  13:32  Probe  
  138  13:37  Probe  
  134  13:41  Probe  
  134  13:46  Probe  
  134  13:47  Zealot  
  134  13:48  Zealot x5  
  137  13:52  Dark Templar x2  
  137  13:55  Probe  
  146  13:58  Unknown  
  146  14:04  Probe  
  146  14:07  Probe  
  147  14:10  Probe  
  147  14:15  Probe  
  146  14:19  High Templar x3  
  146  14:20  High Templar x3  
  148  14:26  Immortal  
  148  14:31  Probe  
  148  14:35  Warp Prism  
  151  14:43  Pylon  
  151  14:50  Zealot x5  
  161  14:58  Nexus  
  161  14:59  Nexus  
  161  15:01  Pylon  
  161  15:03  Pylon  
  161  15:07  Probe  
  161  15:08  Zealot x2  
  161  15:09  Zealot x4  
  174  15:19  Probe  
  169  15:25  Probe  
  169  15:26  Probe  
  163  15:28  Probe  
  163  15:31  Probe  
  145  15:37  Probe  
  145  15:40  Probe  
  145  15:43  Observer  
  145  15:45  Stalker x3  
  151  15:52  Immortal  
  156  15:59  Stargate  
  156  16:02  Stargate  
  156  16:04  Stargate, Zealot x6  
  158  16:05  Zealot x2  
  169  16:12  Zealot  
  169  16:13  Zealot  
  169  16:14  Observer  
  169  16:15  Probe  
  163  16:18  Probe  
  163  16:22  Zealot  
  134  16:31  Dark Templar x6  
  132  16:37  Probe  
  103  16:47  Probe  
  103  16:50  Fleet Beacon, Archon  
  103  16:52  High Templar x5  
  114  17:00  Archon x2  
  114  17:09  Immortal x2  
  114  17:12  Zealot x5  
  130  17:19  High Templar  
  128  17:24  Zealot x3  
  133  17:35  Zealot x3  
  138  17:39  High Templar  
  140  17:45  Dark Templar  
  142  18:01  Zealot x6  
  142  18:02  Zealot  
  142  18:04  Assimilator  
  142  18:05  Assimilator  
  156  18:07  Probe  
  151  18:14  Zealot x3  
  151  18:16  Probe  
  140  18:22  Probe  
  125  18:27  Zealot x2  
  125  18:32  Probe  
  116  18:48  Zealot  
  116  18:49  Zealot x2  
  116  18:51  Probe  
  108  18:57  Archon  
  108  19:00  Zealot  
  108  19:01  Zealot  
  96  19:04  Probe  
  96  19:05  Probe  
  96  19:08  Dark Templar  
  95  19:21  Zealot x2  
  95  19:22  Zealot  
Show
View Real Time Build Order
Export as new Build Order

ImInPainHelp Zerg - Winner!

Build Orders: Hatch First, Lurkers 

Get SALT Encoding   

  12  0:01  Drone  
  13  0:12  Overlord  
  13  0:21  Drone  
  14  0:30  Drone  
  14  0:31  Drone  
  16  0:49  Hatchery  
  15  0:53  Drone  
  15  0:55  Drone  
  17  1:01  Drone  
  18  1:11  Extractor  
  17  1:17  Spawning Pool  
  16  1:19  Drone  
  16  1:21  Drone  
  18  1:32  Drone  
  19  1:53  Overlord  
  19  2:02  Drone x2  
  19  2:03  Drone  
  22  2:08  Queen x2  
  22  2:13  Zergling x4  
  28  2:18  Metabolic Boost  
  28  2:23  Drone  
  28  2:24  Drone  
  30  2:35  Drone x2  
  32  2:49  Hatchery  
  31  2:51  Drone x2  
  33  3:01  Drone x2  
  35  3:07  Drone  
  35  3:08  Overlord  
  36  3:28  Drone x2  
  36  3:29  Drone x2  
  36  3:32  Lair  
  36  3:33  Roach Warren  
  39  3:34  Overlord  
  39  3:35  Overlord  
  39  3:38  Drone x2  
  41  3:43  Queen  
  43  3:51  Overlord  
  43  3:52  Extractor  
  43  3:53  Drone  
  43  4:02  Drone x3  
  46  4:06  Queen  
  48  4:10  Extractor  
  48  4:12  Drone x2  
  48  4:13  Drone  
  48  4:16  Spine Crawler  
  49  4:19  Spine Crawler, Roach  
  49  4:20  Roach  
  49  4:21  Roach  
  49  4:23  Roach  
  56  4:34  Roach x4  
  56  4:37  Drone x2  
  66  4:40  Roach  
  66  4:44  Roach  
  66  4:45  Roach  
  72  4:49  Overlord  
  72  4:52  Roach  
  74  5:19  Zergling x8  
  74  5:20  Zergling x12  
  81  5:26  Glial Reconstitution  
  81  5:29  Drone  
  81  5:33  Overlord  
  81  5:34  Overlord x2  
  82  5:40  Spore Crawler  
  82  5:41  Hatchery  
  82  5:42  Spine Crawler  
  78  5:43  Overseer  
  78  5:45  Overseer x2  
  77  5:51  Overseer  
  77  6:13  Roach x6  
  89  6:19  Spore Crawler  
  89  6:22  Spore Crawler  
  85  6:28  Zergling x6, Roach x4  
  94  6:39  Zergling x2, Roach  
  89  6:46  Roach x2  
  91  6:56  Zergling x2  
  91  6:57  Zergling x4, Roach x3  
  91  7:00  Drone  
  91  7:01  Drone  
  84  7:10  Hatchery  
  65  7:34  Drone x4  
  65  7:35  Drone x8  
  75  7:41  Zergling x2  
  76  7:45  Drone x3  
  79  7:52  Evolution Chamber, Extractor  
  79  7:53  Evolution Chamber  
  79  7:54  Drone  
  79  7:55  Hydralisk Den  
  76  8:02  Drone  
  76  8:03  Drone x4  
  81  8:05  Drone  
  81  8:09  Overlord  
  82  8:18  Overlord x2  
  82  8:26  Zerg Ground Armor Level 1, Zerg Missile Weapons Level 1  
  82  8:29  Drone x3  
  82  8:30  Overlord x2  
  82  8:32  Drone  
  82  8:33  Drone  
  87  8:35  Drone x2  
  89  8:46  Overseer  
  89  8:47  Pneumatized Carapace  
  87  8:59  Hydralisk x4  
  87  9:00  Hydralisk  
  87  9:01  Zergling x2  
  87  9:02  Zergling x16  
  106  9:03  Overlord  
  106  9:05  Drone  
  107  9:17  Drone x4  
  107  9:18  Drone x2  
  113  9:24  Hydralisk  
  113  9:25  Roach x2  
  113  9:26  Zergling x4  
  113  9:29  Hatchery  
  120  9:35  Lurker Den, Infestation Pit  
  119  9:51  Hydralisk x4  
  127  9:54  Drone x3  
  127  9:55  Extractor x2  
  127  9:56  Drone x3  
  127  9:57  Drone  
  127  9:58  Drone x7  
  134  10:20  Overlord x2  
  134  10:21  Overlord x2  
  134  10:27  Hive  
  134  10:30  Hatchery  
  134  10:31  Zerg Ground Armor Level 2  
  134  10:33  Zerg Missile Weapons Level 2  
  134  10:35  Hatchery  
  132  10:59  Drone x3, Unknown  
  132  11:00  Zergling x2, Hydralisk x4, Roach x2  
  132  11:01  Roach x4, Hydralisk  
  132  11:03  Overlord  
  157  11:09  Zergling x2  
  157  11:10  Zergling x2  
  159  11:14  Baneling Nest  
  158  11:24  Baneling Nest  
  157  11:27  Hydralisk x3, Hatchery, Burrow  
  157  11:28  Roach x4, Hydralisk  
  172  11:39  Hydralisk  
  170  11:40  Roach  
  122  11:56  Hydralisk x3  
  122  11:57  Roach x4, Hydralisk x3  
  122  11:58  Roach  
  115  12:01  Hydralisk  
  115  12:02  Hydralisk  
  118  12:10  Hydralisk x2  
  118  12:11  Roach x2  
  118  12:13  Drone  
  126  12:20  Hydralisk x3  
  126  12:21  Roach  
  133  12:24  Drone  
  133  12:35  Hydralisk x3  
  133  12:36  Roach x3  
  145  12:39  Overlord x2  
  145  12:42  Drone x2  
  145  12:43  Drone  
  148  12:46  Drone  
  148  12:50  Drone x2  
  151  12:55  Hydralisk x2  
  151  12:56  Roach  
  151  12:57  Drone  
  158  12:58  Drone  
  158  12:59  Drone x2  
  158  13:01  Drone x2  
  158  13:02  Drone x3  
  166  13:10  Centrifical Hooks  
  166  13:11  Nydus Network  
  166  13:12  Zergling x2  
  166  13:13  Zergling x8, Nydus Network  
  166  13:19  Spore Crawler  
  168  13:20  Spine Crawler  
  167  13:28  Extractor  
  167  13:29  Extractor  
  162  13:38  Spore Crawler  
  157  14:14  Zergling x6  
  152  14:29  Hydralisk  
  152  14:30  Roach x2, Hydralisk x2  
  159  14:31  Overlord  
  159  14:32  Overlord x4  
  155  14:50  Zergling x2  
  155  14:51  Zergling x20  
  166  14:59  Lurker x5  
  173  15:00  Hydralisk x2, Lurker x2, Hatchery  
  173  15:01  Roach  
  173  15:02  Hatchery  
  173  15:03  Nydus Canal, Hatchery  
  144  15:42  Roach x2, Hydralisk x5  
  142  15:43  Roach x3  
  142  15:45  Drone x2  
  152  15:50  Nydus Canal  
  152  15:52  Nydus Canal  
  152  16:15  Hydralisk x3  
  152  16:16  Roach x4, Hydralisk x4  
  152  16:17  Roach x2  
  168  16:29  Roach, Hydralisk x3  
  168  16:30  Roach  
  140  16:48  Hatchery  
  140  16:51  Zerg Ground Armor Level 3  
  140  16:53  Muscular Augments  
  139  16:58  Zergling x6  
  142  17:02  Drone x4  
  142  17:05  Hydralisk  
  142  17:07  Extractor  
  145  17:24  Lurker x2  
  145  17:25  Lurker, Hydralisk x3  
  145  17:26  Roach x3  
  145  17:27  Zergling x2  
  145  17:28  Drone  
  162  17:35  Zergling x4, Lurker  
  162  17:36  Zergling x4  
  167  17:40  Drone  
  167  17:41  Drone x2  
  167  17:42  Drone  
  167  17:43  Drone  
  172  17:45  Drone  
  172  17:57  Nydus Canal  
  172  17:58  Zergling x6  
  170  17:59  Zergling x10  
  170  18:05  Grooved Spines  
  125  18:34  Hydralisk x3  
  125  18:35  Roach x4, Hydralisk x2  
  125  18:36  Zergling x26  
  125  18:37  Zergling x2  
  142  18:45  Hydralisk x2  
  142  18:46  Roach  
  144  18:54  Hydralisk x2  
  144  18:55  Roach x3  
  140  18:56  Overseer  
  130  19:08  Drone x6  
Tags
 
Add a new tag
Caveats
  • Supply blocks, unpowered buildings, or Contaminate may cause inaccurate times.
  • Supply counts are checked every 10 seconds.